 Dungeon Crawl Stone Soup version 0.21-a0-404-g291f19a (webtiles) character file.

572906 riteheju the Slayer (level 25, -4/249 HPs)
             Began as a Minotaur Fighter on Oct 27, 2017.
             Was the Champion of Okawaru.
             Engulfed by an ushabti's foul pestilence (10 damage)
             ... on level 2 of the Tomb of the Ancients on Oct 28, 2017.
             The game lasted 05:49:43 (51159 turns).

riteheju the Slayer (Minotaur Fighter)             Turns: 51159, Time: 05:49:44

Health: -4/249     AC: 53    Str: 40      XL:     25   Next: 69%
Magic:  17/23      EV: 18    Int:  4 (7)  God:    Okawaru [******]
Gold:   6024       SH: 41    Dex: 10      Spells: 24/24 levels left

rFire    + + +     SeeInvis .   W - +18 lance "Wyrmbane" {slay drac, rPois rF+ rC+ AC+3}
rCold    + . .     Gourm    .   e - +6 large shield of Trial and Error {rF+ Str+2}
rNeg     + + .     Faith    .   M - +12 plate armour "Kyf Lokk" {Str+3}
rPois    +         Spirit   .   (helmet restricted)
rElec    .         Reflect  +   R - +3 cloak of the Queen {+Blink +Fly rPois rF+}
rCorr    .         Harm     .   H - -1 pair of gloves of the Past {rN++ MR+}
MR       ++...                  (no boots)
Stlth    +.........             V - +6 amulet of reflection
HPRegen  0.51/turn              E - +6 ring of protection
MPRegen  0.18/turn              G - ring "Damnable Contraption" {rPois Str+2 Slay+3 Stlth+}

@: lethally poisoned (-4 -> -9), heroism, finesse, slowed, drained, very slow
A: retaliatory headbutt, horns 2, talons 2, icy blue scales 1, iridescent scales
1, clever 1, low mp 1, no potion heal 1
}: 3/15 runes: decaying, silver, gossamer
a: Heroism, Finesse, Renounce Religion, Evoke Blink, Evoke Flight


You were on level 2 of the Tomb of the Ancients.
You worshipped Okawaru.
Okawaru was exalted by your worship.
You were not hungry.

You visited 11 branches of the dungeon, and saw 46 of its levels.
You visited the Abyss 3 times.
You visited 1 bazaar.
You also visited: Labyrinth.

You collected 7005 gold pieces.
You spent 981 gold pieces at shops.

Inventory:

Hand Weapons
 W - the +18 lance "Wyrmbane" (weapon) {slay drac, rPois rF+ rC+ AC+3}
   (You found it in a labyrinth)

   It affects your AC (+3).
   It protects you from fire.
   It protects you from cold.
   It protects you from poison.
Armour
 e - the +6 large shield of Trial and Error (worn) {rF+ Str+2}
   (Okawaru gifted it to you on level 3 of the Vaults)

   It affects your strength (+2).
   It protects you from fire.
 H - the -1 pair of gloves of the Past (worn) {rN++ MR+}
   (Okawaru gifted it to you on level 1 of the Vaults)

   It greatly protects you from negative energy.
   It affects your resistance to hostile enchantments.
 M - the +12 plate armour "Kyf Lokk" (worn) {Str+3}
   (Okawaru gifted it to you on level 5 of the Abyss)

   It affects your strength (+3).
 R - the +3 cloak of the Queen (worn) {+Blink +Fly rPois rF+}
   (Okawaru gifted it to you on level 9 of the Dungeon)

   It protects you from fire.
   It protects you from poison.
   It lets you fly.
   It lets you blink.
Jewellery
 h - the ring "Fimuerpha" {rC+ rN+ Str+4 Stlth+}
   (You found it on level 3 of the Elven Halls)

   [ring of stealth]

   It affects your strength (+4).
   It protects you from cold.
   It protects you from negative energy.
   It makes you more stealthy.
 E - a +6 ring of protection (left hand)
 G - the ring "Damnable Contraption" (right hand) {rPois Str+2 Slay+3 Stlth+}
   (You found it in a labyrinth)

   [ring of poison resistance]

   It affects your strength (+2).
   It affects your accuracy and damage with ranged weapons and melee attacks
   (+3).
   It protects you from poison.
   It makes you more stealthy.
 V - a +6 amulet of reflection (around neck)
Wands
 g - a wand of lightning (15/15)
 j - a wand of acid (11/15)
 l - a wand of iceblast (15/15)
 o - a wand of polymorph (6/24)
 s - a wand of digging (24/24)
 u - a wand of flame (30/48)
 B - a wand of acid (10/15)
 F - a wand of confusion (31/48)
 N - a wand of digging (13/24)
 O - a wand of scattershot (5/9)
 S - a wand of enslavement (13/24)
 T - a wand of paralysis (12/24)
Scrolls
 b - 2 scrolls of fear
 c - 4 scrolls of brand weapon
 k - 8 scrolls of magic mapping
 m - 16 scrolls of teleportation
 n - 4 scrolls of identify
 q - 14 scrolls of remove curse
 w - 2 scrolls of blinking
 x - 5 scrolls of enchant weapon
 y - a scroll of summoning
 I - 2 scrolls of silence
 J - 5 scrolls of fog
 P - 5 scrolls of enchant armour
Potions
 i - 3 potions of cancellation
 p - 6 potions of flight
 r - 15 potions of curing
 z - 2 potions of might
 A - 5 potions of ambrosia
 C - 11 potions of agility
 K - 4 potions of magic
 L - 3 potions of invisibility
 Q - a potion of haste
 Y - 7 potions of brilliance
 Z - 2 potions of berserk rage
Miscellaneous
 a - a fan of gales
 D - a phial of floods
 U - 2 phantom mirrors
Comestibles
 d - 5 meat rations
 f - 23 bread rations
 t - 17 fruits
 v - 16 royal jellies


   Skills:
 - Level 25.0(26.8) Fighting
 - Level 25.0(26.8) Polearms
 - Level 0.7(5.6) Throwing
 + Level 24.3(26.8) Armour
 + Level 12.9(17.8) Dodging
 - Level 5.0(9.9) Stealth
 - Level 25.0(26.8) Shields
 - Level 1.0(5.9) Unarmed Combat
 - Level 0.3(0.2) Spellcasting
 - Level 5.0(4.9) Invocations
 - Level 2.1(2.0) Evocations


You had 24 spell levels left.
You didn't know any spells.

Dungeon Overview and Level Annotations

Branches:
Dungeon (15/15)            Temple (1/1) D:7            Lair (6/6) D:9
  Swamp (4/4) Lair:4       Spider (4/4) Lair:2        Slime (1/5) Lair:6
    Orc (2/2) D:12            Elf (3/3) Orc:2        Vaults (5/5) D:14
  Crypt (3/3) Vaults:2       Tomb (2/3) Crypt:3      Depths (0/5) D:15

Altars:
Ashenzari
Cheibriados
Dithmenos
Elyvilon
Fedhas
Gozag
Hepliaklqana
Kikubaaqudgha
Makhleb
Nemelex Xobeh
Okawaru
Qazlal
Ru
Sif Muna
Trog
Uskayaw
Vehumet
Wu Jian
Xom
Yredelemnul
Zin
The Shining One
Beogh

Shops:
D:6 *   D:7 [   D:10 [   Orc:2 [*:(   Elf:1 ?   Elf:3 (   Vaults:1 !

Portals:
Trove: D:15 (give +7 demon blade)

Annotations:
D:15 exclusion: Roxanne, Roxanne
Spider:4 1 exclusion
Vaults:2 1 exclusion


Innate Abilities, Weirdness & Mutations

You reflexively headbutt those who attack you in melee.
You have a pair of horns on your head.
You have razor-sharp toenails.
You are partially covered in icy blue scales. (AC +2)
You are partially covered in iridescent scales. (AC +2)
Your mind is acute. (Int +2)
Your magical capacity is low. (-10% MP)
Potions are less effective at restoring your health.


Message History

The vile air hits the greater mummy.
The vile air hits you!
The vile air hits the freezing wraith.
The vile air hits the death scarab.
The mummy priest closely misses you.
The greater mummy hits you but does no damage.
The skeletal warrior misses you.
The greater mummy calls on the powers of darkness!
Your body is wracked with pain!
* * * LOW HITPOINT WARNING * * *
The bennu convulses!
You block the spectral ettin's attack. x2
The freezing wraith hits you!
* * * LOW HITPOINT WARNING * * *
The freezing wraith freezes you. You resist.
* * * LOW HITPOINT WARNING * * *
You block the freezing wraith's attack.
A mummy and an ushabti come into view.
Your system partially rejects the healing.
You feel better.
You are engulfed in dark miasma.
You are poisoned.
You feel as though you will be slow longer.
You die...

.....###.....
#....8#...#...
#.. .#.....#..
. #..#....[.4#
?#
#.4#.M.....#..#
#MZ4.8M4..#
##MVss.....##
#.8MMzM...))#
##8M@WsZ...##


#ZzZnZM...# #.b#4MMsM..#..# #. #.MnZM..# .# #. .#.....#.. . # ...#...#....
.....###..... ...... ..M[ You could see 4 greater mummies, a bennu, 2 mummy
priests, a skeletal warrior, a jiangshi, a hellwing, 4 guardian mummies, 4
ushabtiu, 2 ice devils, a rust devil, a freezing wraith, a spectral ettin, a
chaos spawn, 4 death scarabs, 2 necrophages, 5 mummies, a wight, an emperor
scorpion simulacrum, a ghost moth simulacrum, a titan zombie, an anaconda
skeleton and a harpy skeleton.

Vanquished Creatures
  Khufu (Crypt:2)
  Mara (Spider:3)
  Mennas (Vaults:4)
  4 ancient liches
  A greater mummy (Crypt:2)
  the Lernaean hydra (Swamp:4)
  Saint Roka (Vaults:3)
  Bai Suzhen (Crypt:2)
  Xtahua (Vaults:4)
  Nikola (Swamp:2)
  3 golden dragons (Vaults:5)
  Arachne (Spider:3)
  2 bone dragons
  Jorgrun (Swamp:4)
  4 tentacled monstrosities
  2 deep elf blademasters (Elf:3)
  6 liches
  The ghost of Slowdrip the Bludgeoner, an adept MiCK of Xom (Spider:4)
  A deep elf master archer (Elf:3)
  An ancient champion (Tomb:1)
  Agnes (Spider:2)
  10 tentacled starspawn
  3 titans (Vaults:5)
  10 sphinxes
  Gastronok (D:9)
  2 shadow dragons (Vaults:5)
  2 storm dragons (Vaults:5)
  Kirke (Lair:6)
  2 thorn hunters
  Donald (Spider:1)
  5 tengu reavers
  An azure jelly (Slime:1)
  A daeva (Abyss:5)
  6 revenants
  9 frost giants
  6 fire giants
  2 iron dragons (Vaults:5)
  12 deep elf sorcerers
  A cacodemon (Abyss:4)
  Aizul (Spider:1)
  4 emperor scorpions
  21 vault wardens
  5 ghost moths
  Louise (Swamp:2)
  A balrug (Abyss:5)
  An orc warlord (Orc:2)
  A curse skull (Crypt:2)
  A draconian scorcher (Abyss:4)
  5 deep elf elementalists
  8 ghouls
  11 stone giants
  15 ironheart preservers
  2 very ugly things
  5 war gargoyles
  2 reapers (Crypt:2)
  5 deep elf demonologists
  4 vampire knights
  6 entropy weavers
  Nessos (Lair:6)
  10 deep elf annihilators
  Azrael (Spider:1)
  A spark wasp (Spider:2)
  The ghost of Uberwunderbarhen the Cleaver, a journeyman MiFi of Okawaru (Lair:6)
  A dire elephant (Lair:6)
  3 eidola
  5 ettins
  Snorg (D:11)
  9 mummy priests (Tomb:1)
  8 deep elf death magi
  A minotaur (Lab)
  A quicksilver dragon zombie (Crypt:3)
  3 crystal guardians (Crypt:3)
  2 ice dragons
  The ghost of Rhok the Carver, a journeyman CeFi of Makhleb (D:11)
  12 deep elf high priests
  4 jiangshi
  9 rakshasas
  4 great orbs of eyes
  3 fire dragons
  41 vault guards
  The ghost of CheiFelid the Gouger, a journeyman FeFi of Cheibriados (D:14)
  2 quicksilver dragon skeletons (Crypt:2)
  16 yaktaur captains
  17 hydras
  A ghost crab (Abyss:4)
  4 centaur warriors
  The ghost of Rhok the Spear-Bearer, a novice MiFi of Makhleb (D:11)
  7 ogre magi
  A merfolk avatar (Lair:6)
  26 two-headed ogres
  35 dancing weapons
  14 alligators
  5 deep troll earth magi
  2 death knights
  10 death scarabs (Tomb:1)
  2 soul eaters (Abyss:5)
  7 vampire magi
  2 deep troll shamans (Vaults:2)
  26 thrashing horrors
  The ghost of Nico3ck the Geomancer, a novice GrEE of Qazlal (D:9)
  A shock serpent (Elf:2)
  3 orc high priests
  A storm dragon zombie (Tomb:1)
  2 titan zombies (Crypt:2)
  Nergalle (Lair:1)
  7 wretched stars
  Sonja (D:11)
  24 deep elf knights
  2 shadow wraiths (Vaults:4)
  6 hell knights (Crypt:3)
  19 skeletal warriors
  3 sea snakes (Lair:6)
  A titan skeleton (Crypt:1)
  A storm dragon skeleton (Vaults:2)
  A golden dragon zombie (Crypt:3)
  5 spatial maelstroms (Abyss:5)
  3 sixfirhies
  3 flayed ghosts
  A death drake (Abyss:5)
  14 deep trolls
  8 wizards
  A spriggan druid (Swamp:4)
  A glowing orange brain (D:15)
  4 shambling mangroves
  4 unseen horrors
  25 large abominations
  A shadow demon (Abyss:5)
  11 swamp dragons
  An anaconda skeleton (Crypt:3)
  8 harpies
  17 deep elf archers
  12 necromancers
  3 iron dragon zombies
  84 deep elf magi
  15 ironbrand convokers
  3 phantasmal warriors
  3 wolf spider zombies
  An orb spider (shapeshifter) (D:14)
  45 ugly things
  21 orb spiders
  A golden dragon skeleton (Crypt:3)
  A tengu skeleton (Vaults:2)
  A mana viper (Abyss:3)
  A frost giant zombie (Crypt:3)
  34 wolf spiders
  17 orc knights
  A stone giant zombie (Abyss:5)
  4 cyclopes
  2 wolf spiders (shapeshifter)
  6 orc sorcerers
  2 shadow dragon skeletons
  A moth of wrath (Spider:4)
  2 shining eyes
  A dire elephant zombie (Crypt:3)
  A worldbinder (Abyss:5)
  11 elephants
  An elephant (shapeshifter) (D:15)
  A rust devil (Abyss:5)
  13 smoke demons
  Psyche (D:8)
  A spiny frog (shapeshifter) (Vaults:3)
  A frost giant skeleton (Crypt:2)
  18 vault sentinels
  2 black mambas
  A torpor snail (shapeshifter) (Vaults:5)
  A fire giant skeleton (Crypt:2)
  23 spiny frogs
  A torpor snail (Spider:1)
  An alligator snapping turtle zombie (Crypt:2)
  7 apocalypse crabs
  A shock serpent skeleton (Crypt:2)
  A storm dragon simulacrum (Vaults:2)
  A kobold demonologist (D:14)
  2 emperor scorpion zombies
  A water nymph (shapeshifter) (Vaults:5)
  3 orange demons
  An elephant slug zombie (Crypt:1)
  3 rime drakes
  A rime drake (shapeshifter) (Vaults:1)
  17 demonic crawlers
  25 yaktaurs
  14 freezing wraiths
  14 komodo dragons
  A tengu conjurer (D:14)
  13 ancient zymes
  3 hellwings
  32 jumping spiders
  6 guardian mummies (Tomb:1)
  A troll (shapeshifter) (Vaults:4)
  An iron troll skeleton (Crypt:1)
  A black draconian skeleton (Crypt:1)
  A minotaur zombie (Crypt:2)
  A pale draconian skeleton (Crypt:2)
  5 polar bears
  5 trolls
  29 hornets
  Grinder (D:3)
  2 harpy skeletons
  A merfolk (shapeshifter) (Vaults:5)
  2 blink frogs
  13 bog bodies
  5 tyrant leeches
  6 hippogriffs
  26 slime creatures
  A hydra skeleton (Crypt:3)
  29 raiju
  42 flying skulls
  2 tarantellas (shapeshifter)
  A redback (shapeshifter) (Elf:3)
  An ettin skeleton (Crypt:2)
  9 air elementals
  11 wyverns
  6 vampires
  58 redbacks
  9 spriggans
  3 yaks (shapeshifter)
  3 hogs (Lair:6)
  19 humans (D:14)
  23 tarantellas
  A water elemental (Elf:2)
  2 wraiths (Crypt:2)
  6 fire elementals
  41 yaks
  8 ynoxinuls
  2 basilisks
  A hog (shapeshifter) (Abyss:3)
  Grum (D:7)
  A black mamba skeleton (Crypt:3)
  A hungry ghost (D:12)
  2 chaos spawn
  3 neqoxecs (Abyss:5)
  2 yaktaur simulacra
  22 vampire mosquitoes
  5 insubstantial wisps (Swamp:1)
  18 swamp worms
  2 acid dragons
  A water nymph zombie (Crypt:1)
  4 spatial vortices (Abyss:5)
  A soldier ant (D:13)
  2 spiny frog zombies
  8 wargs
  14 water moccasins
  Duvessa (D:5)
  7 hell hounds
  A naga (shapeshifter) (D:15)
  10 porcupines
  An infernal demonspawn skeleton (Crypt:1)
  14 small abominations
  A spiny frog skeleton (Crypt:2)
  8 swamp drakes (Swamp:4)
  6 sky beasts
  46 orc warriors
  3 ice beasts
  An eye of draining (Abyss:4)
  A phantom (D:8)
  5 necrophages
  2 eyes of draining (shapeshifter)
  7 boggarts
  6 centaurs
  A fire dragon simulacrum (Abyss:5)
  A manticore skeleton (Crypt:3)
  8 wolves
  20 ogres
  12 crocodiles
  3 big kobolds
  A gnoll sergeant (Orc:2)
  13 bullfrogs
  4 earth elementals
  2 wyvern zombies (D:13)
  A komodo dragon skeleton (Crypt:1)
  8 scorpions
  Dowan (D:5)
  A polar bear zombie (Crypt:2)
  An orc simulacrum (Vaults:2)
  3 killer bees (D:11)
  22 wights
  A howler monkey (shapeshifter) (Elf:2)
  7 electric eels
  8 howler monkeys
  7 crimson imps
  6 centaur zombies
  17 starcursed masses
  5 jellies
  A bullfrog zombie (D:9)
  2 iron imps
  7 centaur skeletons
  9 hounds
  20 orc priests
  19 orc wizards
  2 iguanas
  A bullfrog skeleton (D:11)
  9 worker ants
  4 lightning spires (Elf:2)
  A crocodile skeleton (Crypt:1)
  An acid dragon skeleton (Crypt:2)
  16 mummies
  2 worker ant zombies
  16 adders
  4 gnolls (D:3)
  4 shadow imps
  A steam dragon skeleton (Crypt:2)
  An ufetubus (Abyss:1)
  2 oozes
  2 adder skeletons
  2 adder zombies
  4 worms
  A barachi zombie (Crypt:1)
  4 dart slugs
  6 leopard geckos
  89 orcs
  6 giant cockroaches
  13 goblins
  11 hobgoblins
  8 jackals
  4 quokkas
  12 ball pythons
  A ball python skeleton (D:5)
  15 bats
  7 frilled lizards
  25 kobolds
  2 leopard gecko skeletons
  A quokka zombie (D:8)
  4 rats
  A crawling corpse (Elf:3)
  A fungus (D:5)
  A lurking horror (Abyss:1)
  A plant (Lair:1)
  3 starspawn tentacles
2260 creatures vanquished.

Vanquished Creatures (others)
  A tentacled starspawn (Abyss:4)
  A ghost moth (Spider:4)
  An ironheart preserver (Vaults:5)
  A stone giant (Vaults:2)
  3 yaktaur captains
  3 centaur warriors
  An ogre mage (Vaults:3)
  A deep elf knight (Vaults:5)
  A wolf spider (Spider:4)
  A smoke demon (Abyss:4)
  A large abomination (Abyss:5)
  10 yaktaurs
  A redback (Spider:1)
  A water elemental (Elf:3)
  A human (Lair:6)
  A hell hound (Abyss:5)
  2 boggarts
  3 ball lightnings (Elf:2)
  An orc (Vaults:2)
  18 fungi
  4 lurking horrors (Abyss:5)
  23 plants
  18 starspawn tentacles
98 creatures vanquished.

Grand Total: 2358 creatures vanquished

Notes
Turn   | Place    | Note
-------+----------+-------------------------------------------
     0 | D:1      | riteheju the Minotaur Fighter began the quest for the Orb.
     0 | D:1      | Reached XP level 1. HP: 19/19 MP: 0/0
    85 | D:1      | Reached XP level 2. HP: 27/27 MP: 1/1
   631 | D:2      | Reached XP level 3. HP: 33/33 MP: 2/2
   831 | D:2      | Reached XP level 4. HP: 38/41 MP: 3/3
  1328 | D:3      | Noticed Grinder
  1334 | D:3      | Paralysed by Grinder for 4 turns
  1348 | D:3      | Killed Grinder
  1348 | D:3      | Reached skill level 5 in Polearms
  1348 | D:3      | Reached XP level 5. HP: 34/47 MP: 4/4
  1348 | D:3      | Reached XP level 6. HP: 40/55 MP: 5/5
  1405 | D:3      | Reached skill level 5 in Fighting
  1416 | D:3      | Reached skill level 5 in Shields
  1534 | D:3      | Reached skill level 1 in Dodging
  1795 | D:3      | Found an iron altar of Okawaru.
  1810 | D:3      | Became a worshipper of Warmaster Okawaru
  1993 | D:3      | Noticed a water moccasin
  2008 | D:3      | Killed a water moccasin
  2008 | D:3      | Reached skill level 5 in Armour
  2253 | D:4      | Reached XP level 7. HP: 59/61 MP: 6/6
  2811 | D:5      | Entered Level 5 of the Dungeon
  2811 | D:5      | Noticed Duvessa
  2811 | D:5      | Noticed Dowan
  2819 | D:5      | Killed Dowan
  2819 | D:5      | Reached * piety under Okawaru
  2827 | D:5      | Killed Duvessa
  3014 | D:5      | Reached XP level 8. HP: 70/70 MP: 7/7
  3147 | D:5      | Found a shadowy altar of Dithmenos.
  3235 | D:5      | Found a snail-covered altar of Cheibriados.
  3747 | D:5      | Reached ** piety under Okawaru
  3756 | D:5      | Found a blossoming altar of Fedhas.
  3882 | D:6      | Found Utahuat's General Store.
  3904 | D:6      | Found an opulent altar of Gozag.
  4432 | D:7      | Found Arecs's Antique Armour Emporium.
  4628 | D:7      | Found a bloodstained altar of Trog.
  4629 | D:7      | Found a glowing golden altar of the Shining One.
  4631 | D:7      | Found a white marble altar of Elyvilon.
  4631 | D:7      | Found a shimmering altar of Xom.
  4774 | D:7      | Reached XP level 9. HP: 75/79 MP: 8/8
  4779 | D:7      | Reached *** piety under Okawaru
  4896 | D:7      | Found a staircase to the Ecumenical Temple.
  5149 | D:8      | Found a burning altar of Makhleb.
  5149 | D:8      | Found a hazy altar of Hepliaklqana.
  5351 | D:8      | Noticed Grum
  5586 | D:7      | Killed Grum
  5598 | D:7      | Reached **** piety under Okawaru
  5692 | Temple   | Entered the Ecumenical Temple
  6034 | D:8      | Found a shattered altar of Ashenzari.
  6057 | D:8      | Reached skill level 10 in Polearms
  6098 | D:8      | Noticed Psyche
  6123 | D:8      | Killed Psyche
  6123 | D:8      | Reached XP level 10. HP: 91/91 MP: 9/9
  6331 | D:8      | Found a sacrificial altar of Ru.
  6513 | D:9      | Gained mutation: You passively map a small area around you. [mutagenic meat]
  6514 | D:9      | Gained mutation: You are clumsy. (Dex -2) [mutagenic meat]
  6515 | D:9      | Gained mutation: You occasionally shout uncontrollably at your foes. [mutagenic meat]
  6516 | D:9      | Lost mutation: You are clumsy. (Dex -2) [mutagenic meat]
  6517 | D:9      | Gained mutation: Your magical capacity is low. (-10% MP) [mutagenic meat]
  6518 | D:9      | Gained mutation: Your spells are a little harder to cast, but a little more powerful. [mutagenic meat]
  6537 | D:9      | Noticed Gastronok
  6581 | D:9      | Killed Gastronok
  6581 | D:9      | Reached ***** piety under Okawaru
  6712 | D:9      | Noticed Nico3ck's ghost (novice GrEE)
  6718 | D:9      | Reached skill level 10 in Fighting
  6848 | D:9      | Killed Nico3ck's ghost
  6848 | D:9      | Reached skill level 10 in Armour
  6941 | D:9      | Reached skill level 10 in Shields
  7051 | D:9      | Received a gift from Okawaru
  7056 | D:9      | Got a smoking cloak {god gift}
  7064 | D:9      | Identified the +3 cloak of the Queen {+Blink +Fly rPois rF+} (Okawaru gifted it to you on level 9 of the Dungeon)
  7077 | D:9      | Found a staircase to the Lair.
  7451 | D:10     | Entered Level 10 of the Dungeon
  7540 | D:10     | Found Niaj's Antique Armour Boutique.
  7767 | D:10     | Lost mutation: You passively map a small area around you. [potion of mutation]
  7767 | D:10     | Lost mutation: Your spells are a little harder to cast, but a little more powerful. [potion of mutation]
  7767 | D:10     | Gained mutation: Your flesh is heat resistant. (rF+) [potion of mutation]
  7767 | D:10     | Gained mutation: You are robust. (+10% HP) [potion of mutation]
  7861 | D:10     | Reached XP level 11. HP: 96/108 MP: 9/9
  8481 | D:11     | Gained mutation: You are very robust. (+20% HP) [mutagenic meat]
  8482 | D:11     | Gained mutation: You are weak. (Str -2) [mutagenic meat]
  8483 | D:11     | Gained mutation: Your magical capacity is very low. (-20% MP) [mutagenic meat]
  8558 | D:11     | Noticed a six-headed hydra
  8584 | D:11     | Killed a six-headed hydra
  8669 | D:11     | Noticed Snorg
  8688 | D:11     | Killed Snorg
  8693 | D:11     | Noticed Rhok's ghost (journeyman CeFi)
  8715 | D:11     | Killed Rhok's ghost
  8715 | D:11     | Reached skill level 1 in Evocations
  8777 | D:11     | Noticed Rhok's ghost (novice MiFi)
  8792 | D:11     | Killed Rhok's ghost
  8865 | D:11     | Noticed a cyan ugly thing
  8882 | D:11     | Killed a cyan ugly thing
  8886 | D:11     | Gained mutation: Scrolls take you a little longer to read. [mutagenic meat]
  8888 | D:11     | Lost mutation: Your magical capacity is very low. (-20% MP) [mutagenic meat]
  8889 | D:11     | Gained mutation: You are surrounded by a mild repulsion field. (EV +2) [mutagenic meat]
  8941 | D:11     | Found a shadowy altar of Dithmenos.
  9095 | D:11     | Killed an unseen horror
  9095 | D:11     | Received a gift from Okawaru
  9142 | D:11     | Got a slimy ring mail
  9261 | D:11     | Reached ****** piety under Okawaru
  9519 | D:11     | Noticed Sonja
  9527 | D:11     | Killed Sonja
  9677 | D:12     | Reached XP level 12. HP: 129/129 MP: 10/10
  9825 | D:12     | Noticed a two-headed ogre
  9843 | D:12     | Killed a two-headed ogre
 10191 | D:12     | Lost mutation: You occasionally shout uncontrollably at your foes. [mutagenic meat]
 10192 | D:12     | Gained mutation: You are partially covered in icy blue scales. (AC +2) [mutagenic meat]
 10212 | D:12     | Found a staircase to the Orcish Mines.
 10662 | D:13     | Noticed a centaur warrior
 10674 | D:13     | Killed a centaur warrior
 10693 | D:13     | Found a shimmering altar of Xom.
 10804 | D:13     | Gained mutation: You occasionally shout uncontrollably at your foes. [mutagenic meat]
 10806 | D:13     | Lost mutation: Scrolls take you a little longer to read. [mutagenic meat]
 10844 | D:13     | Received a gift from Okawaru
 11413 | D:13     | Lost mutation: Your magical capacity is low. (-10% MP) [potion of mutation]
 11413 | D:13     | Lost mutation: You are very robust. (+20% HP) [potion of mutation]
 11413 | D:13     | Lost mutation: Your flesh is heat resistant. (rF+) [potion of mutation]
 11413 | D:13     | Gained mutation: Scrolls take you a little longer to read. [potion of mutation]
 11413 | D:13     | Gained mutation: You have sharp toenails. [potion of mutation]
 11413 | D:13     | Lost mutation: You are weak. (Str -2) [potion of mutation]
 11493 | D:14     | Noticed CheiFelid's ghost (journeyman FeFi)
 11824 | D:14     | Noticed a two-headed ogre
 11831 | D:14     | Killed a two-headed ogre
 11857 | D:14     | Reached skill level 15 in Shields
 11858 | D:14     | Identified the Papyrus of the Unstable Rocks
 11947 | D:14     | Received a gift from Okawaru
 11947 | D:14     | Reached XP level 13. HP: 129/129 MP: 12/12
 12026 | D:14     | Found a gate to the Vaults.
 12707 | D:14     | Gained mutation: You are agile. (Dex +2) [mutagenic meat]
 12708 | D:14     | Gained mutation: Your magical capacity is low. (-10% MP) [mutagenic meat]
 12710 | D:14     | Lost mutation: Scrolls take you a little longer to read. [mutagenic meat]
 12711 | D:14     | Gained mutation: You are very agile. (Dex +4) [mutagenic meat]
 12712 | D:14     | Gained mutation: You are surrounded by a moderate repulsion field. (EV +3) [mutagenic meat]
 12713 | D:14     | Gained mutation: Your magical capacity is very low. (-20% MP) [mutagenic meat]
 12810 | D:14     | Killed CheiFelid's ghost
 12855 | D:14     | Reached skill level 15 in Polearms
 12911 | D:14     | Got a warped tin ring
 13154 | D:14     | Gained mutation: You are resistant to hostile enchantments. (MR+) [mutagenic meat]
 13354 | D:15     | Entered Level 15 of the Dungeon
 13399 | D:15     | Lost mutation: You are very agile. (Dex +4) [mutagenic meat]
 13400 | D:15     | Gained mutation: Armour fits poorly on your strangely shaped body. [mutagenic meat]
 13507 | Orc:1    | Entered Level 1 of the Orcish Mines
 13612 | Orc:1    | Identified the ring of Pantheism {MR+ MP-9 Str+4} (You found it on level 14 of the Dungeon)
 13758 | Orc:2    | Entered Level 2 of the Orcish Mines
 13771 | Orc:2    | Found Etoemikk's Antique Armour Shoppe.
 13829 | Orc:2    | Received a gift from Okawaru
 13855 | Orc:2    | Reached skill level 1 in Invocations
 14075 | Orc:2    | Cast into level 1 of the Abyss (orc)
 14304 | Abyss:1  | Reached XP level 14. HP: 110/116 MP: 1/10
 14316 | Abyss:1  | Noticed a tentacled starspawn
 14328 | Abyss:1  | Killed a tentacled starspawn
 14453 | Abyss:1  | Noticed a tentacled starspawn
 14462 | Abyss:1  | Killed a tentacled starspawn
 14462 | Abyss:1  | Reached skill level 5 in Dodging
 14477 | Abyss:1  | Noticed a lich
 14488 | Abyss:1  | Killed a lich
 14508 | Abyss:1  | Received a gift from Okawaru
 14517 | Abyss:1  | Got a faintly humming animal skin {god gift}
 14528 | Abyss:1  | Identified the +2 animal skin "Qiatuf" {Regen+ Slay+2} (Okawaru gifted it to you on level 1 of the Abyss)
 14536 | Abyss:1  | Noticed a tentacled starspawn
 14548 | Abyss:1  | Killed a tentacled starspawn
 14552 | Orc:2    | Escaped the Abyss
 14559 | Orc:2    | Found a roughly hewn altar of Beogh.
 14809 | Orc:2    | Found Saxuxzaz's Antique Weapon Shoppe.
 14924 | Orc:2    | Noticed an orc warlord
 14956 | Orc:2    | Killed an orc warlord
 14967 | Orc:2    | Found Howoill's Book Boutique.
 15344 | Orc:2    | Found a staircase to the Elven Halls.
 15421 | Orc:2    | Found Etoemikk's Antique Armour Shoppe.
 15429 | Orc:2    | Bought a pair of glowing gloves for 225 gold pieces
 15592 | Orc:2    | Found Saxuxzaz's Antique Weapon Shoppe.
 15678 | Orc:2    | Found a staircase to the Elven Halls.
 15705 | Orc:2    | Found Vaucal's General Store.
 15829 | Orc:2    | Bought a potion of heal wounds for 70 gold pieces
 15829 | Orc:2    | Bought a scroll of identify for 28 gold pieces
 15880 | Orc:2    | Found a roughly hewn altar of Beogh.
 16328 | D:15     | Reached skill level 15 in Fighting
 16377 | D:15     | Reached skill level 15 in Armour
 16415 | D:15     | Reached skill level 1 in Unarmed Combat
 16498 | D:15     | Reached skill level 1 in Stealth
 16513 | D:15     | Found a staircase to the Depths.
 16537 | D:15     | Gained mutation: You have razor-sharp toenails. [mutagenic meat]
 16538 | D:15     | Lost mutation: You are agile. (Dex +2) [mutagenic meat]
 16558 | D:15     | Received a gift from Okawaru
 16566 | D:15     | Gained mutation: You are weak. (Str -2) [mutagenic meat]
 16569 | D:15     | Gained mutation: You are agile. (Dex +2) [mutagenic meat]
 16577 | D:15     | Lost mutation: Your magical capacity is very low. (-20% MP) [mutagenic meat]
 16840 | D:15     | Found a portal to a secret trove of treasure.
 16900 | D:15     | Reached XP level 15. HP: 147/155 MP: 4/13
 16917 | D:15     | Noticed Roxanne
 17473 | Lair:1   | Entered Level 1 of the Lair of Beasts
 17487 | Lair:1   | Noticed Nergalle
 17496 | Lair:1   | Killed Nergalle
 17632 | Lair:1   | Reached skill level 5 in Stealth
 18369 | Lair:2   | Received a gift from Okawaru
 18398 | Lair:2   | Found a hole to the Spider Nest.
 19686 | Lair:4   | Found a staircase to the Swamp.
 20521 | Lair:5   | Found a labyrinth entrance.
 20539 | Lab      | Entered a labyrinth
 20748 | Lab      | Found the +8 lance "Wyrmbane" {slay drac, rPois rF+ rC+ AC+3}
 20768 | Lab      | Got a scintillating granite ring
 20770 | Lab      | Identified the ring of Xom's Fair Game {Int+5 Dex+7} (You found it in a labyrinth)
 20784 | Lab      | Got a pitted brass ring
 20786 | Lab      | Identified the ring "Damnable Contraption" {rPois Str+2 Slay+3 Stlth+} (You found it in a labyrinth)
 21344 | Lair:6   | Entered Level 6 of the Lair of Beasts
 21369 | Lair:6   | Noticed Kirke
 21388 | Lair:6   | Killed Kirke
 21530 | Lair:6   | Noticed Uberwunderbarhen's ghost (journeyman MiFi)
 21562 | Lair:6   | Killed Uberwunderbarhen's ghost
 21776 | Lair:6   | Noticed Nessos
 21834 | Lair:6   | Killed Nessos
 21834 | Lair:6   | Received a gift from Okawaru
 22405 | Lair:6   | Found a staircase to the Slime Pits.
 22516 | Slime:1  | Entered Level 1 of the Pits of Slime
 22516 | Slime:1  | Noticed an azure jelly
 22522 | Slime:1  | Killed an azure jelly
 22522 | Slime:1  | Reached XP level 16. HP: 166/166 MP: 16/16
 22537 | Slime:1  | Noticed an acid blob
 22769 | Spider:1 | Entered Level 1 of the Spider Nest
 22851 | Spider:1 | Noticed Azrael
 22872 | Spider:1 | Killed Azrael
 23397 | Spider:1 | Noticed Donald
 23407 | Spider:1 | Killed Donald
 23414 | Spider:1 | Reached skill level 5 in Invocations
 23437 | Spider:1 | Noticed Aizul
 23454 | Spider:1 | Killed Aizul
 24495 | Spider:2 | Received a gift from Okawaru
 24582 | Spider:2 | Noticed Agnes
 24595 | Spider:2 | Killed Agnes
 24830 | Spider:3 | Noticed Arachne
 24849 | Spider:3 | Killed Arachne
 24849 | Spider:3 | Received a gift from Okawaru
 25212 | Spider:3 | Noticed Mara
 25235 | Spider:3 | Noticed riteheju's illusion
 25237 | Spider:3 | Killed Mara
 25240 | Spider:3 | Received a gift from Okawaru
 25463 | Spider:3 | Reached XP level 17. HP: 176/176 MP: 17/17
 25781 | Spider:3 | Lost mutation: You are agile. (Dex +2) [mutagenic meat]
 26325 | Spider:4 | Entered Level 4 of the Spider Nest
 26375 | Spider:4 | Received a gift from Okawaru
 26435 | Spider:4 | Noticed Slowdrip's ghost (adept MiCK)
 26581 | Spider:4 | Killed Slowdrip's ghost
 26890 | Spider:4 | Reached skill level 10 in Dodging
 27211 | Spider:4 | Got a gossamer rune of Zot
 27555 | Spider:4 | Received a gift from Okawaru
 27935 | Swamp:1  | Entered Level 1 of the Swamp
 28742 | Swamp:2  | Noticed Louise
 28781 | Swamp:2  | Killed Louise
 28912 | Swamp:2  | Lost mutation: You occasionally shout uncontrollably at your foes. [potion of mutation]
 28912 | Swamp:2  | Lost mutation: You are resistant to hostile enchantments. (MR+) [potion of mutation]
 28912 | Swamp:2  | Lost mutation: Your magical capacity is low. (-10% MP) [potion of mutation]
 28912 | Swamp:2  | Lost mutation: You are robust. (+10% HP) [potion of mutation]
 28912 | Swamp:2  | Gained mutation: You possess an exceptional clarity of mind. [potion of mutation]
 28912 | Swamp:2  | Gained mutation: You are covered in fur. (AC +1) [potion of mutation]
 28912 | Swamp:2  | Gained mutation: Your natural rate of healing is unusually fast. [potion of mutation]
 29040 | Swamp:2  | Noticed Nikola
 29054 | Swamp:2  | Killed Nikola
 29450 | Swamp:2  | Reached XP level 18. HP: 170/170 MP: 20/20
 30147 | Swamp:4  | Entered Level 4 of the Swamp
 30156 | Swamp:4  | Received a gift from Okawaru
 30159 | Swamp:4  | Got a smoking scarf {god gift}
 30187 | Swamp:4  | Identified the scarf of Discretion {MR+ Int-3 Stlth+} (Okawaru gifted it to you on level 4 of the Swamp)
 30288 | Swamp:4  | Noticed Jorgrun
 30310 | Swamp:4  | Killed Jorgrun
 30976 | Swamp:4  | Noticed the 27-headed Lernaean hydra
 30997 | Swamp:4  | Killed the 27-headed Lernaean hydra
 30997 | Swamp:4  | Received a gift from Okawaru
 31002 | Swamp:4  | Got an encrusted plate armour {god gift}
 31013 | Swamp:4  | Identified the +2 plate armour of Orthodoxy {SInv} (Okawaru gifted it to you on level 4 of the Swamp)
 31079 | Swamp:4  | Got a decaying rune of Zot
 31561 | Elf:1    | Entered Level 1 of the Elven Halls
 31587 | Elf:1    | Found an ancient bone altar of Kikubaaqudgha.
 32366 | Elf:1    | Reached XP level 19. HP: 159/180 MP: 21/21
 32524 | Elf:1    | Found Sutiacs's Magic Scroll Boutique.
 32535 | Elf:1    | Bought a scroll of enchant armour for 97 gold pieces
 32535 | Elf:1    | Bought a scroll of enchant armour for 97 gold pieces
 32535 | Elf:1    | Bought a scroll of enchant armour for 97 gold pieces
 32693 | Elf:2    | Received a gift from Okawaru
 32887 | Elf:2    | Found a runed gate.
 32887 | Elf:2    | Found a runed gate.
 32888 | Elf:2    | Found a runed gate.
 33895 | Elf:2    | Identified the Catalogue of Feathers
 34068 | Elf:3    | Entered Level 3 of the Elven Halls
 34095 | Elf:3    | Gained mutation: Your magical capacity is low. (-10% MP) [mutagenic meat]
 34096 | Elf:3    | Gained mutation: Scrolls take you a little longer to read. [mutagenic meat]
 34108 | Elf:3    | Found Kikhluna's Antique Weapon Shop.
 34667 | Elf:3    | Received a gift from Okawaru
 34712 | Elf:3    | Cast into level 2 of the Abyss (a deep elf sorcerer)
 34712 | Abyss:2  | Found a corrupted altar of Lugonu.
 34880 | Elf:3    | Escaped the Abyss
 35104 | Elf:3    | Cast into level 2 of the Abyss (a deep elf sorcerer)
 35115 | Abyss:2  | Reached XP level 20. HP: 136/193 MP: 20/20
 35630 | Abyss:4  | Gained mutation: Potions are less effective at restoring your health. [a cacodemon]
 35698 | Abyss:4  | Found a corrupted altar of Lugonu.
 35723 | Abyss:4  | Received a gift from Okawaru
 35726 | Abyss:4  | Got a faintly humming scarf {god gift}
 35762 | Abyss:4  | Identified the scarf of Ruzuwag {rElec rC+ Int-4} (Okawaru gifted it to you on level 4 of the Abyss)
 35897 | Abyss:5  | Entered Level 5 of the Abyss
 35902 | Abyss:5  | Found a corrupted altar of Lugonu.
 36219 | Abyss:5  | Noticed a bone dragon
 36234 | Abyss:5  | Killed a bone dragon
 36518 | Abyss:5  | Received a gift from Okawaru
 36523 | Abyss:5  | Got an ancient plate armour {god gift}
 36899 | Abyss:5  | Lost mutation: Your natural rate of healing is unusually fast. [a neqoxec]
 36980 | Abyss:5  | Noticed a bone dragon
 37023 | Abyss:5  | Lost intelligence.
 37073 | Abyss:5  | Found a deep blue altar of Sif Muna.
 37109 | Abyss:5  | Reached XP level 21. HP: 57/164 MP: 21/21
 37196 | Abyss:5  | Found a corrupted altar of Lugonu.
 37328 | Elf:3    | Escaped the Abyss
 37908 | Elf:3    | Received a gift from Okawaru
 38120 | Elf:3    | Got a translucent scarf {god gift}
 38132 | Elf:3    | Identified the scarf "Plog" {*Slow +Inv rElec Str+3} (Okawaru gifted it to you on level 3 of the Elven Halls)
 38153 | Elf:3    | Identified the +12 plate armour "Kyf Lokk" {Str+3} (Okawaru gifted it to you on level 5 of the Abyss)
 38274 | Elf:3    | Lost mutation: Scrolls take you a little longer to read. [potion of mutation]
 38274 | Elf:3    | Lost mutation: You are covered in fur. (AC +1) [potion of mutation]
 38274 | Elf:3    | Gained mutation: You have a pair of large horns on your head. [potion of mutation]
 38275 | Elf:3    | Lost mutation: You are weak. (Str -2) [potion of mutation]
 38275 | Elf:3    | Lost mutation: You possess an exceptional clarity of mind. [potion of mutation]
 38275 | Elf:3    | Gained mutation: You evolve. [potion of mutation]
 38275 | Elf:3    | Gained mutation: You are resistant to hostile enchantments. (MR+) [potion of mutation]
 38279 | Elf:3    | Got a slimy ivory ring
 38317 | Elf:3    | Identified the ring "Fimuerpha" {rC+ rN+ Str+4 Stlth+} (You found it on level 3 of the Elven Halls)
 38730 | Vaults:1 | Entered Level 1 of the Vaults
 38741 | Vaults:1 | Received a gift from Okawaru
 38744 | Vaults:1 | Got a shimmering trident {god gift}
 38745 | Vaults:1 | Identified the +7 trident of Xoivad {drain, rN+ Int+3} (Okawaru gifted it to you on level 1 of the Vaults)
 39068 | Vaults:1 | Found Zoplav's Distillery.
 39121 | Vaults:1 | Bought a potion of curing for 42 gold pieces
 39515 | Vaults:1 | Gained mutation: Your spells are a little harder to cast, but a little more powerful. [evolution]
 39636 | Vaults:1 | Got a faintly glowing copper ring
 39901 | Vaults:1 | Received a gift from Okawaru
 39908 | Vaults:1 | Identified the ring of Wafoosie {rF+ MP+9 Int+3} (You found it on level 1 of the Vaults)
 39911 | Vaults:1 | Got a pair of faintly humming gloves {god gift}
 39922 | Vaults:1 | Identified the -1 pair of gloves of the Past {rN++ MR+} (Okawaru gifted it to you on level 1 of the Vaults)
 40187 | Vaults:2 | Lost mutation: You are surrounded by a moderate repulsion field. (EV +3) [mutagenic meat]
 40188 | Vaults:2 | Gained mutation: Your body sometimes deteriorates upon taking damage. [mutagenic meat]
 40239 | Vaults:2 | Gained mutation: You expend magic power (3 MP) to strengthen your wands. [mutagenic meat]
 40241 | Vaults:2 | Lost mutation: Your spells are a little harder to cast, but a little more powerful. [mutagenic meat]
 40242 | Vaults:2 | Lost mutation: Armour fits poorly on your strangely shaped body. [mutagenic meat]
 40243 | Vaults:2 | Gained mutation: You have claws for feet. [mutagenic meat]
 40361 | Vaults:2 | Lost mutation: Your magical capacity is low. (-10% MP) [mutagenic meat]
 40362 | Vaults:2 | Lost mutation: Your body sometimes deteriorates upon taking damage. [mutagenic meat]
 40981 | Vaults:2 | Reached XP level 22. HP: 176/217 MP: 24/24
 41119 | Vaults:2 | Received a gift from Okawaru
 41194 | Vaults:2 | Found a staircase to the Crypt.
 41582 | Vaults:2 | Lost mutation: You are surrounded by a mild repulsion field. (EV +2) [mutagenic meat]
 41584 | Vaults:2 | Gained mutation: You passively map a small area around you. [mutagenic meat]
 41589 | Vaults:2 | Gained mutation: You are partially covered in iridescent scales. (AC +2) [mutagenic meat]
 41699 | Vaults:3 | Noticed Saint Roka
 41729 | Vaults:3 | Killed Saint Roka
 42081 | Vaults:3 | Gained mutation: You are frail. (-10% HP) [mutagenic meat]
 42082 | Vaults:3 | Lost mutation: You passively map a small area around you. [mutagenic meat]
 42083 | Vaults:3 | Gained mutation: Your muscles are strong. (Str +2) [mutagenic meat]
 42085 | Vaults:3 | Gained mutation: Your flesh is heat resistant. (rF+) [mutagenic meat]
 42123 | Vaults:3 | Lost mutation: You have a pair of large horns on your head. [evolution]
 42225 | Vaults:3 | Received a gift from Okawaru
 42228 | Vaults:3 | Got a faintly glowing large shield {god gift}
 42237 | Vaults:3 | Lost mutation: You expend magic power (3 MP) to strengthen your wands. [mutagenic meat]
 42248 | Vaults:3 | Identified the +6 large shield of Trial and Error {rF+ Str+2} (Okawaru gifted it to you on level 3 of the Vaults)
 42249 | Vaults:3 | Found a gateway to a bazaar.
 42277 | Bazaar   | Entered a bazaar
 42291 | Bazaar   | Found Jemaf's Armour Emporium.
 42316 | Bazaar   | Found Gilugg's Gadget Shoppe.
 42316 | Bazaar   | Found Duifirig's Jewellery Emporium.
 42341 | Bazaar   | Found Qiwnu's General Store.
 42353 | Bazaar   | Bought 3 scrolls of identify for 78 gold pieces
 42353 | Bazaar   | Bought a potion of heal wounds for 65 gold pieces
 42353 | Bazaar   | Bought a scroll of teleportation for 39 gold pieces
 42353 | Bazaar   | Bought a scroll of identify for 26 gold pieces
 42353 | Bazaar   | Bought a scroll of identify for 26 gold pieces
 42412 | Bazaar   | Bought a cursed ring of loudness for 63 gold pieces
 42412 | Bazaar   | Bought a cursed amulet of inaccuracy for 28 gold pieces
 43003 | Vaults:3 | Lost mutation: You are resistant to hostile enchantments. (MR+) [mutagenic meat]
 43038 | Vaults:3 | Lost mutation: You evolve. [mutagenic meat]
 43225 | Vaults:4 | Noticed Xtahua
 43233 | Vaults:4 | Killed Xtahua
 43484 | Vaults:4 | Gained mutation: You are resistant to electric shocks. (rElec) [mutagenic meat]
 43496 | Vaults:4 | Lost mutation: You are frail. (-10% HP) [mutagenic meat]
 43497 | Vaults:4 | Gained mutation: You evolve. [mutagenic meat]
 43608 | Vaults:4 | Reached XP level 23. HP: 225/229 MP: 25/25
 43929 | Vaults:4 | Noticed Mennas
 43956 | Vaults:4 | Killed Mennas
 44032 | Vaults:4 | Received a gift from Okawaru
 44346 | Vaults:5 | Entered Level 5 of the Vaults
 44681 | Vaults:5 | Received a gift from Okawaru
 44749 | Vaults:5 | Gained mutation: Your magical capacity is low. (-10% MP) [mutagenic meat]
 45409 | Vaults:5 | Reached XP level 24. HP: 211/242 MP: 23/23
 45438 | Vaults:5 | Identified the +1 halberd "Diuciym" {holy, rF- rN++ Int+8 Dex+4} (You found it on level 5 of the Vaults)
 45457 | Vaults:5 | Got a silver rune of Zot
 45558 | Vaults:5 | Noticed an ancient lich
 45579 | Vaults:5 | Killed an ancient lich
 45812 | Vaults:5 | Identified the Volume of Poisonous Lightness
 45876 | Vaults:5 | Received a gift from Okawaru
 45905 | Vaults:5 | Gained mutation: Scrolls take you a little longer to read. [mutagenic meat]
 45980 | Vaults:5 | Identified the ring "Weluobbipp" {rF+++ rN+++ Int+2 Dex-5 Slay-6} (You found it on level 5 of the Vaults)
 46459 | Crypt:1  | Entered Level 1 of the Crypt
 46533 | Crypt:1  | Received a gift from Okawaru
 47597 | Crypt:2  | Noticed Bai Suzhen
 47606 | Crypt:2  | Killed Bai Suzhen
 47643 | Crypt:2  | Noticed Khufu
 47647 | Crypt:2  | Noticed a greater mummy
 47720 | Crypt:2  | Killed a greater mummy
 47761 | Crypt:2  | Killed Khufu
 48614 | Crypt:3  | Entered Level 3 of the Crypt
 48792 | Crypt:3  | Reached XP level 25. HP: 247/249 MP: 23/23
 48934 | Crypt:3  | Found an ancient bone altar of Kikubaaqudgha.
 48934 | Crypt:3  | Noticed an ancient lich
 48942 | Crypt:3  | Killed an ancient lich
 48942 | Crypt:3  | Received a gift from Okawaru
 48945 | Crypt:3  | Got a slimy trident {god gift}
 48948 | Crypt:3  | Identified the +1 trident of the Volcano {venom, +Blink rElec Dex-4 Stlth+} (Okawaru gifted it to you on level 3 of the Crypt)
 48985 | Crypt:3  | Found the +7 Spriggan's Knife {MR+ EV+4 Dex+4 Stlth+}
 49200 | Crypt:3  | Found a staircase to the Tomb.
 49229 | Crypt:3  | Lost mutation: Scrolls take you a little longer to read. [potion of mutation]
 49229 | Crypt:3  | Lost mutation: You have claws for feet. [potion of mutation]
 49229 | Crypt:3  | Lost mutation: Your flesh is heat resistant. (rF+) [potion of mutation]
 49229 | Crypt:3  | Lost mutation: You evolve. [potion of mutation]
 49229 | Crypt:3  | Gained mutation: You do not regenerate when monsters are visible. [potion of mutation]
 49229 | Crypt:3  | Gained mutation: Your muscles are very strong. (Str +4) [potion of mutation]
 49232 | Crypt:3  | Lost mutation: Your muscles are very strong. (Str +4) [potion of mutation]
 49232 | Crypt:3  | Lost mutation: You are resistant to electric shocks. (rElec) [potion of mutation]
 49232 | Crypt:3  | Lost mutation: Your muscles are strong. (Str +2) [potion of mutation]
 49232 | Crypt:3  | Lost mutation: You do not regenerate when monsters are visible. [potion of mutation]
 49232 | Crypt:3  | Gained mutation: Your mind is acute. (Int +2) [potion of mutation]
 49469 | Crypt:3  | Identified the Catalogue of the Peculiar Queens
 49746 | Tomb:1   | Entered Level 1 of the Tomb of the Ancients
 50057 | Tomb:1   | Received a gift from Okawaru
 50520 | Tomb:1   | Noticed an ancient lich
 50525 | Tomb:1   | Killed an ancient lich
 50762 | Tomb:1   | Noticed an ancient lich
 50768 | Tomb:1   | Killed an ancient lich
 51148 | Tomb:2   | Noticed a greater mummy
 51150 | Tomb:2   | Noticed a greater mummy
 51151 | Tomb:2   | Noticed a greater mummy
 51152 | Tomb:2   | Noticed a greater mummy
 51158 | Tomb:2   | HP: 9/249 [freezing wraith[a mummy priest] (9)]
 51158 | Tomb:2   | HP: 3/249 [freezing wraith[a mummy priest] (6)]
 51159 | Tomb:2   | Engulfed by an ushabti's foul pestilence

Vault maps used:
D:1:      lemuel_arrival_muddy, minmay_strange_pillars, minmay_tromino_v4_c
D:2:      serial_bayou_pond_c
D:3:      kennysheep_okawaru_gauntlet, uniq_grinder
D:4:      first_bread, minmay_snake_closets
D:5:      old_forge, lemuel_crystal_altar, kennysheep_slug_shrine,
          fedhas_altar_1, uniq_duvessa
D:6:      kennysheep_six_static_rooms, nicolae_gozag_seed_capital, serial_shops,
          shop
D:7:      chequers_temple_overflow_statue_of_worship,
          minmay_temple_entry_junction_2, serial_shops, shop, the_bakery
D:8:      kennysheep_mini, nicolae_ru_the_path_less_chosen,
          gammafunk_temple_overflow_statue, uniq_grum, uniq_psyche
D:9:      cheibrodos_helix_gallery, david_lair_shrubbed, uniq_gastronok
D:10:     serial_shops, nicolae_shop_stone
D:11:     basic_altar, nooodl_orcs_dogs, uniq_sonja, uniq_snorg
D:12:     hiddenorc1_lemuel
D:13:     minivault_5, xom_teletrap_fun
D:14:     grunt_vaults_entry_tiered, enter_bailey_3, hangedman_corner_corridor
D:15:     gammafunk_enter_depths_forms, enter_trove_6, hangedman_decor_growths,
          serial_park_tiny_2, uniq_roxanne
Temple:   nicolae_temple_figure_zero
Lair:1:   uniq_nergalle
Lair:2:   dummy_spider_entry, serial_bayou_shore_a, serial_bayou_shore_b
Lair:3:   minivault_27
Lair:4:   swamp_mist_pool
Lair:5:   lab_entry_generic
Lair:6:   gammafunk_lair_ancient_temple, dpeg_slime_entry_corner,
          grunt_megastairs_4, uniq_nessos, uniq_kirke
Swamp:1:  nicolae_swamp_feature_on_the_river_bank
Swamp:2:  hangedman_swamp_cone, nicolae_swamp_very_dense_foliage, uniq_louise,
          uniq_nikola
Swamp:3:  evilmike_swamp_ruin_rubble_1, hangedman_swamp_lotus,
          infiniplex_staircase_pool
Swamp:4:  grunt_swamp_rune_castle, uniq_jorgrun
Spider:1: uniq_aizul, uniq_donald, uniq_azrael
Spider:2: hangedman_spider_tarantella_strand, uniq_agnes
Spider:3: uniq_arachne, uniq_mara
Spider:4: guppyfry_spider_rune
Slime:1:  basic_altar
Orc:1:    basic_altar
Orc:2:    grunt_orc_gardens, grunt_orc_garden, grunt_orc_garden,
          grunt_orc_garden, grunt_orc_garden, basic_altar, sword_in_stone
Elf:1:    eino_elf_arrival_sip, serial_shops, nicolae_shop_statue_plus,
          basic_altar, hangedman_elf_disciples
Elf:2:    chequers_big_river, spider_trap, minmay_misc_feat_cross,
          hangedman_research_electronics
Elf:3:    minmay_elf_hall_hex, serial_shops, shop
Vaults:1: nicolae_vaults_little_squares_5, nicolae_vaults_network_barrier,
          v_alt_pattern_1, serial_ice_g, v_pattern_4, ontoclasm_vaults_spin,
          nicolae_vaults_asterisk, nicolae_vaults_three_branches,
          ontoclasm_vaults_gateway, st_lattice, serial_shops, shop_coins
Vaults:2: minmay_crypt_entry_vampire_xt, vaults_room_octagon,
          nicolae_vaults_halls_meeting, hangedman_vaults_slither, v_misc_5,
          v_misc_5, vaults_room_semicircle, grunt_vaults_diagonal,
          ontoclasm_vaults_ring_large, nicolae_vaults_little_squares_6
Vaults:3: v_pattern_1, v_misc_13, dpeg_vaults_monster_row,
          ontoclasm_vaults_shout, v_misc_26, nicolae_vaults_alarming,
          ontoclasm_vaults_pinch, ontoclasm_vaults_chip, serial_shops,
          bzr_entry_customers, uniq_saint_roka
Vaults:4: v_misc_10, nicolae_vaults_little_squares_2, ontoclasm_vaults_ligature,
          nicolae_vaults_stairing_the_circle, nicolae_vaults_network_s,
          v_misc_29, v_pattern_2, nicolae_vaults_twisting_passages,
          ontoclasm_vaults_loading_screen, nicolae_vaults_gold_heap,
          uniq_mennas, uniq_xtahua
Vaults:5: serial_shops
Crypt:2:  uniq_khufu, uniq_bai_suzhen
Crypt:3:  cryptofortress_bobbens
Abyss:2:  serial_sigils_hangedman_snap, abyss_greek_temple
Abyss:4:  evilmike_nicolae_abyss_rune_betentacled_crabyss
Abyss:5:  evilmike_abyss_rune_elephants_shrine, minivault_20
Lab:      nicolae_lab_grate_2, nicolae_lab_quarters, labyrinth_skeletal_remains,
          lab_hedge, nicolae_lab_stuck, labyrinth_fake_exit, lab_statue,
          nicolae_lab_dead_end
Bazaar:   bazaar_short_row

Skill      XL: |  1  2  3  4  5  6  7  8  9 10 11 12 13 14 15 16 17 18 19 20 21 22 23 24 25 |
---------------+----------------------------------------------------------------------------+-----
Armour         | 4 5 6 7 8 10 12 15 16 17 19 20 21 22 24 | 24.3
Shields        | 4 5 6 8 10 12 15 16 17 18 20 21 23 25 | 25.0
Fighting       | 4 5 7 9 10 12 13 15 16 17 18 20 21 22 24 25 | 25.0
Polearms       | 3 5 6 7 8 10 11 13 14 16 17 18 19 20 21 22 25 | 25.0
Dodging        | 1 2 3 4 5 7 9 10 11 12 | 12.9
Evocations     | 1 2 |  2.1
Invocations    | 1 4 5 |  5.0
Unarmed Combat | 1 |  1.0
Stealth        | 3 5 |  5.0
Throwing       | |  0.7
Spellcasting   | |  0.3

Action                   |  1- 3 |  4- 6 |  7- 9 | 10-12 | 13-15 | 16-18 | 19-21 | 22-24 | 25-27 || total
-------------------------+-------+-------+-------+-------+-------+-------+-------+-------+-------++-------
Melee: Trident           |    62 |       |       |       |   918 |       |       |       |       ||   980
       Headbutt          |    10 |    13 |    77 |   259 |   437 |   405 |   504 |   429 |   105 ||  2239
       Spear             |    45 |   131 |   472 |  1201 |   587 |       |       |       |       ||  2436
       Kick              |       |       |       |    34 |   655 |   677 |   764 |   676 |   161 ||  2967
       Lance             |       |       |       |       |   301 |  1951 |  2103 |  1627 |   398 ||  6380
       Unarmed           |       |       |       |       |       |       |    19 |       |       ||    19
Invok: Heroism           |       |       |     2 |    11 |     4 |     7 |     2 |     6 |     1 ||    33
       Finesse           |       |       |       |     1 |     1 |     6 |     2 |     4 |     1 ||    15
 Abil: Evoke Flight      |       |       |       |     2 |       |     1 |     2 |       |     1 ||     6
Evoke: Wand              |       |       |       |       |     1 |     2 |       |     1 |       ||     4
  Use: Potion            |       |     1 |     1 |     6 |     4 |     3 |    25 |     1 |     4 ||    45
       Scroll            |       |     6 |    16 |    11 |    10 |    13 |    14 |     8 |     4 ||    82
 Stab: Held in net/web   |       |       |       |       |       |     2 |       |       |       ||     2
       Distracted        |       |       |       |       |       |     1 |     5 |     1 |       ||     7
  Eat: Chunk             |       |     4 |    13 |    29 |    36 |     7 |    32 |    50 |     1 ||   172
       Meat ration       |       |       |       |     1 |     2 |     6 |     3 |     2 |     1 ||    15
       Bread ration      |       |       |       |     2 |     1 |       |     2 |       |       ||     5
       Fruit             |       |       |       |       |     5 |       |       |       |       ||     5
Armor: Scale mail        |    30 |    43 |    41 |       |       |       |       |       |       ||   114
       Plate armour      |       |       |    40 |   279 |   317 |       |    92 |   166 |    53 ||   947
       Crystal plate arm |       |       |       |       |    38 |   603 |   527 |       |       ||  1168
       Skin              |       |       |       |       |       |       |    11 |       |       ||    11
Dodge: Dodged            |    28 |    28 |    73 |   146 |   349 |   407 |   437 |   137 |    35 ||  1640
Block: Shield            |    38 |    54 |   151 |   387 |   737 |   936 |   935 |   196 |       ||  3434
       Reflection        |       |       |       |       |       |       |    30 |   106 |     3 ||   139
       Large shield      |       |       |       |       |       |       |       |   841 |   212 ||  1053

Table legend:
 A = Spawn XP
 B = Non-spawn XP
 C = Spawn XP percentage of total XP
 D = Spawn monster count
 E = Non-spawn monster count
 F = Spawn count percentage of total count
 G = Total turns spent on level
                    A         B        C        D         E        F      G
               +---------+---------+-------+---------+---------+-------+---------
         Total |  113273 | 1151260 |   9.0 |     200 |    2073 |   8.8 | 51159
               +---------+---------+-------+---------+---------+-------+---------
           D:1 |       0 |      39 |   0.0 |       0 |      24 |   0.0 |   614
           D:2 |       0 |      92 |   0.0 |       0 |      23 |   0.0 |   652
           D:3 |       0 |     578 |   0.0 |       0 |      33 |   0.0 |   978
           D:4 |       0 |     154 |   0.0 |       0 |      23 |   0.0 |   567
           D:5 |       0 |    1047 |   0.0 |       0 |      41 |   0.0 |  1071
           D:6 |       0 |     533 |   0.0 |       0 |      15 |   0.0 |   601
           D:7 |       0 |    1082 |   0.0 |       0 |      10 |   0.0 |   924
           D:8 |       0 |    2433 |   0.0 |       0 |      26 |   0.0 |  1021
           D:9 |       0 |    4675 |   0.0 |       0 |      22 |   0.0 |   967
          D:10 |       0 |    1487 |   0.0 |       0 |      19 |   0.0 |  1040
          D:11 |       0 |    9320 |   0.0 |       0 |      47 |   0.0 |  1186
          D:12 |       0 |    6047 |   0.0 |       0 |      55 |   0.0 |  1167
          D:13 |       0 |    9635 |   0.0 |       0 |      34 |   0.0 |  1440
          D:14 |       0 |   17933 |   0.0 |       0 |      57 |   0.0 |  1505
          D:15 |       0 |   21203 |   0.0 |       0 |      53 |   0.0 |  1269
        Lair:1 |       0 |    7396 |   0.0 |       0 |      29 |   0.0 |   768
        Lair:2 |       0 |    3690 |   0.0 |       0 |      19 |   0.0 |   851
        Lair:3 |       0 |    3788 |   0.0 |       0 |      18 |   0.0 |   593
        Lair:4 |       0 |    1209 |   0.0 |       0 |       6 |   0.0 |   891
        Lair:5 |       0 |    4713 |   0.0 |       0 |      14 |   0.0 |   701
        Lair:6 |       0 |   25450 |   0.0 |       0 |      61 |   0.0 |  1289
       Swamp:1 |       0 |    7888 |   0.0 |       0 |      24 |   0.0 |   798
       Swamp:2 |       0 |   17806 |   0.0 |       0 |      26 |   0.0 |   929
       Swamp:3 |       0 |    8713 |   0.0 |       0 |      25 |   0.0 |   533
       Swamp:4 |       0 |   42435 |   0.0 |       0 |      75 |   0.0 |  1120
      Spider:1 |       0 |   15791 |   0.0 |       0 |      39 |   0.0 |  1332
      Spider:2 |       0 |   17875 |   0.0 |       0 |      34 |   0.0 |   760
      Spider:3 |       0 |   37308 |   0.0 |       0 |      66 |   0.0 |  1721
      Spider:4 |       0 |   39306 |   0.0 |       0 |      79 |   0.0 |  1277
       Slime:1 |       0 |    2457 |   0.0 |       0 |       2 |   0.0 |    45
         Orc:1 |       0 |    2068 |   0.0 |       0 |      18 |   0.0 |   495
         Orc:2 |       0 |   13119 |   0.0 |       0 |      67 |   0.0 |  1668
         Elf:1 |       0 |   40817 |   0.0 |       0 |      65 |   0.0 |  1170
         Elf:2 |       0 |   37832 |   0.0 |       0 |      65 |   0.0 |  1405
         Elf:3 |     555 |   80647 |   0.7 |       1 |      79 |   1.2 |  2075
      Vaults:1 |       0 |   32827 |   0.0 |       0 |      53 |   0.0 |  1398
      Vaults:2 |       0 |   86077 |   0.0 |       0 |     138 |   0.0 |  1568
      Vaults:3 |       0 |   59502 |   0.0 |       0 |      96 |   0.0 |  1410
      Vaults:4 |       0 |   89390 |   0.0 |       0 |      83 |   0.0 |  1394
      Vaults:5 |       0 |  153389 |   0.0 |       0 |     120 |   0.0 |  1791
       Crypt:1 |       0 |   24125 |   0.0 |       0 |      39 |   0.0 |   865
       Crypt:2 |       0 |   58704 |   0.0 |       0 |      55 |   0.0 |  1290
       Crypt:3 |       0 |   65627 |   0.0 |       0 |      89 |   0.0 |  1132
        Tomb:1 |       0 |   68357 |   0.0 |       0 |      64 |   0.0 |  1399
        Tomb:2 |       0 |     526 |   0.0 |       0 |       2 |   0.0 |    14
       Abyss:1 |   10410 |    3409 |  75.3 |      15 |       3 |  83.3 |   477
       Abyss:2 |    5899 |     634 |  90.3 |      17 |       7 |  70.8 |   323
       Abyss:3 |    4775 |    3383 |  58.5 |      12 |       4 |  75.0 |   291
       Abyss:4 |   13141 |    6499 |  66.9 |      21 |       9 |  70.0 |   347
       Abyss:5 |   78493 |   10731 |  88.0 |     134 |      15 |  89.9 |  1431
           Lab |       0 |    1514 |   0.0 |       0 |       3 |   0.0 |   318
               +---------+---------+-------+---------+---------+-------+---------
